 Dungeon Sprint DCSS version 0.27-a0-1442-g87b6fcb595 (webtiles) character file.

Game seed: 18370192286939713908

5513 mhtbhm the Impaler (level 10, -6/103 HPs)
             Began as a Black Draconian Berserker on July 4, 2021.
             Was the Champion of Trog.
             Mangled by a manticore (7 damage)
             ... in the Dungeon (Sprint VII: "The Pits").
             The game lasted 00:03:43 (2018 turns).

mhtbhm the Impaler (Black Draconian Berserker)      Turns: 2018, Time: 00:03:44

Health: -6/103     AC: 11    Str: 23    XL:     10   Next: 43%
Magic:  10/10      EV: 16    Int: 11    God:    Trog [******]
Gold:   0          SH:  0    Dex: 10    Spells: 9/9 levels left

rFire    . . .     SeeInvis .   o - +2 halberd (venom)
rCold    . . .     Faith    .   (shield currently unavailable)
rNeg     . . .     Spirit   .   (armour unavailable)
rPois    .         Reflect  .   (helmet restricted)
rElec    +         Harm     .   (no cloak)
rCorr    .         Rampage  .   n - +0 pair of gloves
Will     .....     NoTele   +   (no boots)
Stlth    ++........             (no amulet)
HPRegen  0.27/turn              j - +3 ring of intelligence
MPRegen  0.12/turn              k - +3 ring of protection

@: on berserk cooldown, slowed, very slow
A: breathe lightning, AC +7, unfitting armour, electricity resistance,
cold-blooded
a: Breathe Lightning, Renounce Religion, Berserk, Trog's Hand, Brothers in Arms


You were in the Dungeon.
You worshipped Trog.
Trog was exalted by your worship.
You visited 1 branch

Inventory:

Hand Weapons
 a - a +2 vorpal bardiche
 o - a +2 halberd of venom (weapon)
 p - a +1 demon trident of venom
 q - a +4 bardiche of flaming
Armour
 n - a +0 pair of gloves (worn)
Jewellery
 j - a +3 ring of intelligence (left hand)
 k - a +3 ring of protection (right hand)
Scrolls
 g - a scroll of blinking
 i - a scroll of summoning
Potions
 b - 6 potions of curing
 c - 9 potions of heal wounds
 d - a potion of haste
 e - 4 potions of magic
 f - 5 potions of berserk rage
 h - 2 potions of invisibility
 l - a potion of resistance
 m - a potion of mutation


   Skills:
 + Level 14.1 Fighting
 + Level 16.1 Polearms
 + Level 12.1 Dodging
 - Level 3.5 Stealth


You had 9 spell levels left.
You didn't know any spells.
Your spell library was empty.

Dungeon Overview and Level Annotations

Branches:
Dungeon (1/1)

Altars:
Cheibriados
Dithmenos
Elyvilon
Fedhas
Gozag
Hepliaklqana
Makhleb
Nemelex Xobeh
Okawaru
Qazlal
Ru
Sif Muna
Trog
Vehumet
Wu Jian
Xom
Yredelemnul
Zin
The Shining One
Beogh
Jiyva
Lugonu


Innate Abilities, Weirdness & Mutations

You can breathe wild blasts of lightning.
Your glossy black scales are hard. (AC +7)
You cannot fit into any form of body armour.
You are resistant to electric shocks. (rElec)
You are cold-blooded and may be slowed by cold attacks.


Message History

You see here a wolf corpse.
Unknown command.
You completely miss the manticore. You tail-slap the manticore.
The manticore is lightly wounded.
Grum barely misses you.
Unknown command.
You barely miss the manticore.
The manticore is lightly wounded.
The manticore closely misses you.
The manticore claws you but does no damage. x2
You cut Grum into ribbons!!!
You kill Grum!
Trog accepts your kill.
Unknown command.
You slash the manticore!
The manticore is poisoned.
The manticore is moderately wounded.
You are no longer berserk.
You are exhausted.
You feel yourself slow down. The manticore closely misses you.
The manticore claws you but does no damage.
The manticore claws you.
* * * LOW HITPOINT WARNING * * *
You feel much better. The phantom closely misses you. The manticore bites you!
* * * LOW HITPOINT WARNING * * *
The manticore completely misses you.
The manticore claws you but does no damage.
Unknown command.
Your iron troll goes berserk!
The phantom hits you.
* * * LOW HITPOINT WARNING * * *
The manticore bites you!
* * * LOW HITPOINT WARNING * * *
The manticore claws you!
* * * LOW HITPOINT WARNING * * *
The manticore claws you but does no damage.
The phantom hits you but does no damage.
The manticore misses you.
The manticore claws you but does no damage.
The manticore claws you!
You die...

...........##..#
.#..#......##..#
...........''..#
...........''..##########.
.#..#......##....†........
...........##...††........
####''####################
..##''##############
..##......#...')@HT#
..##....###...###W..#
..##...##.+...'.##.....#
..##..##..##)##..##...##
..##..#..##).÷##..+...#
..##..#..#..[..#..# ..#
####..'..'.....+ .+ .+
####..#..#.....# # .#
[[##..#..##...##


You could see a manticore (very poisoned, ally target), a phantom and a friendly
iron troll (summoned, berserk).

Vanquished Creatures
  A merfolk avatar (D)
  A swamp dragon (D)
  An elephant (D)
  A red devil (D)
  A troll (D)
  A jumping spider (D)
  2 snapping turtles (D)
  A shadow (D)
  A basilisk (D)
  Eustachio (D)
  A ynoxinul (D)
  2 fire bats (D)
  Grum (D)
  4 vampire mosquitoes (D)
  A water moccasin (D)
  An orc warrior (D)
  An ice beast (D)
  2 black bears (D)
  6 wolves (D)
  2 scorpions (D)
  A gnoll sergeant (D)
  2 quasits (D)
  4 orc priests (D)
  A hound (D)
  An orc wizard (D)
  4 gnolls (D)
  A river rat (D)
  2 adders (D)
  2 orcs (D)
  A ball python (D)
  A giant cockroach (D)
  A hobgoblin (D)
  2 jackals (D)
  A quokka (D)
  A giant cockroach zombie (D)
  A jackal skeleton (D)
58 creatures vanquished.

Notes
Turn   | Place    | Note
-------+----------+-------------------------------------------
     0 | D        | mhtbhm the Draconian Berserker began the quest for the Orb.
     0 | D        | Reached XP level 1. HP: 19/19 MP: 1/1
    18 | D        | Found a bloodstained altar of Trog.
    18 | D        | Found a shimmering blue altar of Sif Muna.
    18 | D        | Found a viscous altar of Jiyva.
    18 | D        | Found a hazy altar of Hepliaklqana.
    18 | D        | Found an opulent altar of Gozag.
    19 | D        | Found a glowing golden altar of the Shining One.
    19 | D        | Found a glowing silver altar of Zin.
    19 | D        | Found a basalt altar of Yredelemnul.
    19 | D        | Found a shimmering altar of Xom.
    19 | D        | Found an ornate altar of the Wu Jian Council.
    19 | D        | Found a sacrificial altar of Ru.
    19 | D        | Found a stormy altar of Qazlal.
    19 | D        | Found an iron altar of Okawaru.
    19 | D        | Found a sparkling altar of Nemelex Xobeh.
    19 | D        | Found a burning altar of Makhleb.
    19 | D        | Found a blossoming altar of Fedhas.
    19 | D        | Found a white marble altar of Elyvilon.
    19 | D        | Found a shadowy altar of Dithmenos.
    19 | D        | Found a snail-covered altar of Cheibriados.
    21 | D        | Found a radiant altar of Vehumet.
    21 | D        | Found a corrupted altar of Lugonu.
    57 | D        | Reached XP level 2. HP: 28/28 MP: 2/2
    59 | D        | Reached ** piety under Trog
   164 | D        | Noticed a scorpion
   171 | D        | Killed a scorpion
   172 | D        | Reached skill level 5 in Fighting
   172 | D        | Reached skill level 5 in Polearms
   172 | D        | Reached XP level 3. HP: 37/37 MP: 3/3
   172 | D        | Reached XP level 4. HP: 44/44 MP: 4/4
   173 | D        | Reached skill level 5 in Dodging
   236 | D        | Reached *** piety under Trog
   238 | D        | Reached skill level 6 in Polearms
   238 | D        | Noticed a scorpion
   242 | D        | Killed a scorpion
   243 | D        | Reached skill level 7 in Polearms
   243 | D        | Reached XP level 5. HP: 52/52 MP: 5/5
   292 | D        | Noticed a fire bat
   292 | D        | Noticed a water moccasin
   300 | D        | Reached **** piety under Trog
   310 | D        | Killed a water moccasin
   311 | D        | Reached skill level 8 in Polearms
   311 | D        | Reached XP level 6. HP: 46/62 MP: 6/6
   318 | D        | Reached ***** piety under Trog
   321 | D        | Killed a fire bat
   322 | D        | Reached skill level 9 in Polearms
   454 | D        | Reached skill level 10 in Polearms
   454 | D        | Your scales start taking on a glossy black colour.
   454 | D        | Reached XP level 7. HP: 60/71 MP: 7/7
   454 | D        | Gained mutation: You are resistant to electric shocks.
                  | (rElec) [Black Draconian growth]
   507 | D        | Noticed a snapping turtle
   514 | D        | Killed a snapping turtle
   515 | D        | Reached skill level 10 in Fighting
   580 | D        | Received a gift from Trog
   581 | D        | Reached skill level 11 in Polearms
   581 | D        | Reached skill level 1 in Stealth
   663 | D        | Noticed a snapping turtle
   669 | D        | Received a gift from Trog
   684 | D        | Killed a snapping turtle
   685 | D        | Reached XP level 8. HP: 52/81 MP: 8/8
   887 | D        | Reached skill level 12 in Polearms
   950 | D        | Received a gift from Trog
   951 | D        | Reached skill level 10 in Dodging
  1139 | D        | Reached skill level 13 in Polearms
  1141 | D        | Reached ****** piety under Trog
  1253 | D        | Noticed a red devil
  1259 | D        | Killed a red devil
  1260 | D        | Reached XP level 9. HP: 87/90 MP: 9/9
  1597 | D        | Noticed a troll
  1604 | D        | Killed a troll
  1605 | D        | Reached skill level 14 in Polearms
  1648 | D        | Noticed Eustachio
  1650 | D        | Received a gift from Trog
  1657 | D        | Killed Eustachio
  1689 | D        | Received a gift from Trog
  1697 | D        | Noticed an elephant
  1713 | D        | Killed an elephant
  1714 | D        | Reached skill level 15 in Polearms
  1924 | D        | Noticed a swamp dragon
  1934 | D        | Killed a swamp dragon
  1935 | D        | Reached XP level 10. HP: 101/101 MP: 10/10
  1976 | D        | Noticed a merfolk avatar
  1977 | D        | Noticed Grum
  1978 | D        | Noticed a manticore
  1991 | D        | Killed a merfolk avatar
  2001 | D        | Reached skill level 16 in Polearms
  2006 | D        | Received a gift from Trog
  2015 | D        | Killed Grum
  2018 | D        | HP: 1/103 [manticore (9)]
  2018 | D        | Mangled by a manticore

Illustrated notes

Levels and vault maps discovered:
D:        pitsprint [storerooms_1, entrance_room_1, metal_vault_6, armoury_1,
          mini_pit_1, grid_room_1, main_hall_1, silver_pit, the_coven_1,
          the_vestibule_1, steel_vault_4, golden_pit, hallway_of_sentries,
          crystal_vault_2, iron_vault_2, final_vault]

Skill      XL: |  1  2  3  4  5  6  7  8  9 10 |
---------------+-------------------------------+-----
Fighting       | 4 5 7 8 9 10 11 13 14 | 14.1
Dodging        | 3 4 6 7 8 9 10 11 12 | 12.1
Polearms       | 5 7 8 10 11 13 15 16 | 16.1
Stealth        | 1 3 |  3.5

Action                   |  1- 3 |  4- 6 |  7- 9 | 10-12 || total
-------------------------+-------+-------+-------+-------++-------
Melee: Trident           |    10 |    57 |    46 |       ||   113
       Spear             |     1 |       |       |       ||     1
       Tailslap          |     2 |     5 |    14 |     2 ||    23
       Halberd           |       |       |    93 |    34 ||   127
Invok: Berserk           |     1 |     1 |    10 |     1 ||    13
       Brothers in Arms  |       |       |       |     1 ||     1
 Abil: Breathe Lightning |       |       |     1 |       ||     1
  Use: Potion            |       |       |     1 |     1 ||     2
 Stab: Sleeping          |       |     1 |       |       ||     1
       Distracted        |       |       |     1 |       ||     1
Armor: Skin              |     5 |    21 |    56 |    20 ||   102
Dodge: Dodged            |     4 |    49 |    85 |    47 ||   185

Table legend: (Time is in decaauts)
 A = Elapsed time spent in this place.
 B = Non-inter-level travel time spent in this place.
 C = Inter-level travel time spent in this place.
 D = Time resting spent in this place.
 E = Time spent auto-exploring this place.
 F = Levels seen in this place.
 G = Mean time per level.
                   A        B        C        D        E       F      G
               +--------+--------+--------+--------+--------+-----+--------+
         Total |   2078 |   2078 |      0 |   1467 |     38 |   1 | 2078.0 |
       Dungeon |   2078 |   2078 |      0 |   1467 |     38 |   1 | 2078.0 |
               +--------+--------+--------+--------+--------+-----+--------+

Top non-repeatable levels by time:
       D: 2078 daAuts
